 Dungeon Crawl Stone Soup version 0.21-a0-78-g82a99e0 (webtiles) character file.

1180 grindst0ne the Blocker (level 8, -7/58 HPs)
             Began as a Formicid Fighter on June 21, 2017.
             Was a Follower of Okawaru.
             Killed from afar by an electric eel (9 damage)
             ... with a bolt of electricity
             ... on level 6 of the Dungeon.
             The game lasted 00:08:42 (6185 turns).

grindst0ne the Blocker (Formicid Fighter)           Turns: 6185, Time: 00:08:42

Health: -7/58      AC: 12    Str: 21    XL:     8   Next: 69%
Magic:  8/8        EV:  7    Int:  8    God:    Okawaru [*.....]
Gold:   254        SH: 12    Dex: 12    Spells: 7/7 levels left

rFire    . . .     SeeInvis +   a - +0 war axe
rCold    . . .     Gourm    .   c - +0 shield
rNeg     . . .     Faith    .   E - +0 chain mail
rPois    .         Spirit   .   (helmet unavailable)
rElec    .         Reflect  .   z - +1 cloak {+Inv}
rCorr    .         Harm     .   w - +0 pair of gloves (curse)
MR       .....                  (no boots)
Stlth    ..........             (no amulet)
HPRegen  0.19/turn              (no ring)
MPRegen  0.11/turn              (no ring)

@: no status effects
A: permanent stasis, dig shafts and tunnels, four strong arms, antennae 3
a: Dig, Shaft Self, Heroism, Renounce Religion, Evoke Invisibility


You were on level 6 of the Dungeon.
You worshipped Okawaru.
Okawaru was aware of your devotion.
You were not hungry.

You visited 2 branches of the dungeon, and saw 7 of its levels.

You collected 254 gold pieces.

Inventory:

Hand Weapons
 a - a +0 war axe (weapon)
Missiles
 y - 2 throwing nets (quivered)
Armour
 b - a +0 scale mail
 c - a +0 shield (worn)
 p - a cursed +0 large shield
 v - a +0 cloak
 w - a cursed +0 pair of gloves (worn)
 z - a +1 cloak of invisibility (worn)
 E - a +0 chain mail (worn)
Jewellery
 D - an uncursed ring of flight {unknown}
 I - a cursed ring of teleportation {unknown}
Wands
 H - a wand of lightning (2/15)
Scrolls
 g - 2 scrolls of enchant weapon {unknown}
 h - 3 scrolls of amnesia {unknown}
 i - 2 scrolls of fear {unknown}
 j - 6 scrolls of remove curse {unknown}
 l - 2 scrolls of random uselessness {unknown}
 m - 8 scrolls of identify {unknown}
 o - 3 scrolls of immolation {unknown}
 t - a scroll of noise {unknown}
 u - a scroll of magic mapping {unknown}
 A - a scroll of teleportation {unknown}
 C - a scroll of fog {unknown}
Potions
 d - 3 potions of might
 e - 2 potions of mutation {unknown}
 k - 4 potions of heal wounds {unknown}
 n - 3 potions of curing {unknown}
 q - a potion of berserk rage {unknown}
 s - a potion of brilliance {unknown}
 B - a potion of degeneration {unknown}
 F - 2 potions of agility {unknown}
 G - a potion of haste {unknown}
Comestibles
 f - 3 bread rations
 r - 2 meat rations
 x - 6 royal jellies
 J - 11 chunks of flesh


   Skills:
 - Level 3.2 Fighting
 - Level 2.0 Axes
 - Level 3.2 Armour
 + Level 11.9 Shields


You had 7 spell levels left.
You didn't know any spells.

Dungeon Overview and Level Annotations

Branches:
Dungeon (6/15)             Temple (1/1) D:5

Altars:
Ashenzari
Cheibriados
Dithmenos
Elyvilon
Fedhas
Gozag
Hepliaklqana
Kikubaaqudgha
Makhleb
Okawaru
Qazlal
Trog
Uskayaw
Vehumet
Wu Jian
Xom
Yredelemnul
The Shining One


Innate Abilities, Weirdness & Mutations

You cannot be hasted, slowed, berserked, paralysed or teleported.
You can dig through walls and to a lower floor.
Your four strong arms can wield two-handed weapons with a shield.
You have a pair of large antennae on your head. (SInv)


Message History

The bolt of electricity hits you!
The electric eel shoots out a bolt of lightning at you!
The bolt of electricity hits you!
The electric eel shoots out a bolt of lightning at you!
The bolt of electricity hits you!
The electric eel shoots out a bolt of lightning at you!
The bolt of electricity hits you!
You miss the electric eel.
The electric eel shoots out a bolt of lightning at you!
The bolt of electricity hits you!
* * * LOW HITPOINT WARNING * * *
The electric eel shoots out a bolt of lightning at you!
The bolt of electricity hits you!
* * * LOW HITPOINT WARNING * * *
The electric eel shoots out a bolt of lightning at you!
The bolt of electricity hits you!
* * * LOW HITPOINT WARNING * * *
The electric eel shoots out a bolt of lightning at you!
The bolt of electricity hits you!
You die...

#......+.......#..
#.....##......##<.
#.....##......##..
#.....#.......##..
#.....+...........
#.....#...........
#.....##......##..
#####.....#........#..
#....@................
#.....................
#≈.≈≈≈;≈.≈≈.≈.≈≈≈≈.≈.≈
#≈≈≈≈≈≈≈≈≈≈≈≈≈≈≈≈≈≈≈≈≈
#≈≈≈≈≈≈≈≈≈≈≈;≈≈≈≈≈≈≈≈≈
#≈≈≈≈≈≈≈≈≈##### ≈≈≈≈≈≈
#≈≈≈≈≈≈≈≈≈#{{
#≈≈≈≈≈≈≈≈≈# {
#≈≈≈≈≈≈≈≈≈#


You could see 2 electric eels.

Vanquished Creatures
  Menkaure (D:4)
  An ice beast (D:5)
  The ghost of 4thArraOfDagon the Sneak, an amateur FeSu (D:5)
  A phantom (D:6)
  A centaur (D:6)
  A scorpion (D:5)
  2 crimson imps (D:5)
  A jelly (D:5)
  A quasit (D:6)
  A centaur zombie (D:6)
  A hound (D:4)
  Crazy Yiuf (D:2)
  A centaur skeleton (D:4)
  An orc priest (D:3)
  2 orc wizards (D:4)
  Terence (D:2)
  4 worker ants
  3 gnolls
  6 adders
  4 oozes
  An adder skeleton (D:5)
  An adder zombie (D:5)
  2 worms
  2 dart slugs (D:1)
  6 leopard geckos
  12 orcs
  8 giant cockroaches
  11 goblins
  6 hobgoblins
  2 jackals (D:4)
  6 kobolds
  A quokka (D:3)
  A ball python (D:3)
  8 bats
  7 frilled lizards
  A leopard gecko zombie (D:5)
  A quokka skeleton (D:4)
  6 rats
117 creatures vanquished.

Vanquished Creatures (others)
  A shadow imp (D:6)
1 creature vanquished.

Grand Total: 118 creatures vanquished

Notes
Turn   | Place    | Note
-------+----------+-------------------------------------------
     0 | D:1      | grindst0ne the Formicid Fighter began the quest for the Orb.
     0 | D:1      | Reached XP level 1. HP: 18/18 MP: 1/1
    76 | D:1      | Reached skill level 4 in Shields
    78 | D:1      | Reached XP level 2. HP: 21/24 MP: 2/2
   453 | D:1      | Reached XP level 3. HP: 29/29 MP: 3/3
   489 | D:1      | Reached skill level 5 in Shields
   984 | D:2      | Reached XP level 4. HP: 35/35 MP: 4/4
   986 | D:2      | Noticed Terence
   993 | D:2      | Killed Terence
   993 | D:2      | Reached skill level 6 in Shields
  1160 | D:2      | Found a runed door.
  1272 | D:2      | Reached XP level 5. HP: 33/41 MP: 5/5
  1453 | D:2      | Noticed Crazy Yiuf
  1464 | D:2      | Killed Crazy Yiuf
  2002 | D:3      | Reached skill level 7 in Shields
  2300 | D:2      | Reached XP level 6. HP: 9/47 MP: 6/6
  3270 | D:3      | Reached skill level 8 in Shields
  3340 | D:4      | Noticed Menkaure
  3661 | D:4      | Killed Menkaure
  3661 | D:4      | Reached XP level 7. HP: 30/52 MP: 7/7
  3671 | D:4      | Reached skill level 9 in Shields
  4578 | D:5      | Entered Level 5 of the Dungeon
  4852 | D:5      | Reached skill level 10 in Shields
  4902 | D:5      | Noticed 4thArraOfDagon's ghost (amateur FeSu)
  4917 | D:5      | Found a staircase to the Ecumenical Temple.
  4922 | Temple   | Entered the Ecumenical Temple
  5077 | Temple   | Became a worshipper of Warmaster Okawaru
  5127 | D:5      | Killed 4thArraOfDagon's ghost
  5127 | D:5      | Reached XP level 8. HP: 22/58 MP: 8/8
  5553 | D:5      | Reached skill level 11 in Shields
  5977 | D:6      | Reached * piety under Okawaru
  6185 | D:6      | HP: 2/58 [electric eel/bolt of electricity (8)]
  6185 | D:6      | Killed from afar by an electric eel

Vault maps used:
D:1:      doesnt_arrival_eight_statues, corexii_leaking_fountain,
          minmay_pentomino_q4
D:2:      uniq_terence, uniq_crazy_yiuf_cottage
D:3:      first_bread, minmay_cut_off
D:4:      uniq_menkaure
D:5:      minmay_temple_entry_trees
D:6:      minmay_goblin_kobold_castle
Temple:   regret_index_temple_mists

Skill      XL: |  1  2  3  4  5  6  7  8 |
---------------+-------------------------+-----
Shields        | 4 5 6 7 8 10 11 | 11.9
Fighting       | |  3.2
Axes           | |  2.0
Armour         | |  3.2

Action                   |  1- 3 |  4- 6 |  7- 9 || total
-------------------------+-------+-------+-------++-------
Melee: War axe           |   108 |   180 |   224 ||   512
 Abil: Dig               |     2 |     9 |    11 ||    22
  Eat: Chunk             |     1 |     9 |     6 ||    16
       Bread ration      |       |       |     1 ||     1
Armor: Scale mail        |    59 |    92 |       ||   151
       Chain mail        |       |     8 |   109 ||   117
Dodge: Dodged            |    30 |    67 |    71 ||   168
Block: Shield            |    64 |   133 |   195 ||   392
